Match 42720933
Unlisted

Match 42720933
End
Vickers Machine Gun Team
Construct Section Command Post
Selects Canadian Shock Battlegroup
Infantry Section
Infantry Section
Infantry Section
Selects Attacking Spirit
Selects Canadian Shock Section
Canadian Shock Section
Grenade Package
Selects Incendiary Munitions
Construct Platoon Command Post
Humber Armored Car
Unlock Bishop Self-propelled Artillery
Canadian Shock Section
Selects Pyrotechnics
Bishop Self-propelled Artillery
Bishop Self-propelled Artillery
Construct Field Infirmary
6-pounder Anti-tank Gun Team
Royal Engineer Section
BigTiddyLebron
kreumat
Nick_The_Great
Candle
0
0

Comments sign in to comment!

No comments posted yet!